 Dungeon Crawl Stone Soup version 0.27-a0-1101-ge311f74bc8 (webtiles) character file.

Game seed: 12389788835797418460

5042 karrick the Thaumaturge (level 10, -7/67 HPs)
             Began as a Djinni Fire Elementalist on Apr 29, 2021.
             Was a Believer of Okawaru.
             Mangled by a two-headed ogre
             ... wielding a +0 giant spiked club
              (15 damage)
             ... on level 10 of the Dungeon.
             The game lasted 00:17:46 (12433 turns).

karrick the Thaumaturge (Djinni Fire Elementalist) Turns: 12433, Time: 00:17:47

Health: -7/67      AC: 11    Str: 10    XL:     10   Next: 55%
Gold:   582        EV: 14    Int: 18    God:    Okawaru [**....] SH:  0 Dex: 13

rFire    + + .     SeeInvis +   c - +0 dagger (elec)
rCold    x . .     Faith    .   (no shield)
rNeg     . . .     Spirit   .   E - +0 steam dragon scales
rPois    ∞         Reflect  .   (no helmet)
rElec    .         Harm     .   t - +0 cloak
rCorr    .         Rampage  .   m - +0 pair of gloves
Will     +....                  (boots unavailable)
Stlth    +++.......             (no amulet)
HPRegen  0.21/turn              h - +4 ring of protection
MPRegen  0.00/turn              C - ring of see invisible

@: flying, studying Slings
A: fire resistance 2, cold vulnerability 1, float, innate caster, hp casting,
extra vitality 1
a: Renounce Religion, Heroism


You were on level 10 of the Dungeon.
You worshipped Okawaru.
Okawaru was pleased with you.
You visited 2 branches of the dungeon, and saw 11 of its levels.

You collected 582 gold pieces.

Inventory:

Hand Weapons
 b - a +0 short sword
 c - a +0 dagger of electrocution (weapon)
 u - a +2 dagger of venom
Missiles
 x - 2 atropa-tipped darts
 y - a curare-tipped dart
Armour
 m - a +0 pair of gloves (worn)
 t - a +0 cloak (worn)
 E - +0 steam dragon scales (worn)
 N - +0 acid dragon scales
Magical Staves
 F - a staff of fire
Jewellery
 h - a +4 ring of protection (left hand)
 s - a ring of fire
 z - the ring "Taru" {Fire Dex+3}
   (You took it off an orc on level 7 of the Dungeon)

   [ring of fire]

   It enhances your fire magic.
   It affects your dexterity (+3).
   It protects you from fire.
   It makes you vulnerable to cold.
 C - a ring of see invisible (right hand)
 H - an amulet of guardian spirit
Wands
 v - a wand of mindburst (14)
 B - a wand of charming (11)
Scrolls
 a - a scroll of silence {unknown}
 d - a scroll of magic mapping {unknown}
 e - a scroll of vulnerability {unknown}
 j - 2 scrolls of enchant weapon {unknown}
 k - 16 scrolls of identify {unknown}
 l - 2 scrolls of teleportation {unknown}
 n - 6 scrolls of immolation {unknown}
 o - a scroll of brand weapon {unknown}
 A - 4 scrolls of fog {unknown}
 G - 2 scrolls of fear {unknown}
 K - a scroll of amnesia {unknown}
 L - a scroll of noise {unknown}
Potions
 f - a potion of heal wounds
 g - a potion of flight {unknown}
 i - a potion of cancellation {unknown}
 p - 2 potions of might {unknown}
 q - 3 potions of curing {unknown}
 r - 2 potions of attraction {unknown}
 w - 2 potions of berserk rage {unknown}
 D - 2 potions of ambrosia {unknown}
 I - a potion of magic {unknown}
 J - a potion of mutation {unknown}
Miscellaneous
 M - a tin of tremorstones (2/2)


   Skills:
 + Level 3.9 Fighting
 + Level 4.5 Short Blades
 + Level 6.6 Dodging
 + Level 6.2 Stealth
 + Level 9.4 Spellcasting


You had 2 spell levels left.
You knew the following spells:

 Your Spells              Type           Power      Damage    Failure   Level
a - Foxfire               Conj/Fire      100%       2x1d9     1%          1
b - Conjure Flame         Conj/Fire      42%        6-21      1%          3
c - Inner Flame           Hex/Fire       42%        N/A       1%          3
d - Sticky Flame          Conj/Fire      42%        2d6       1%          4
e - Fireball              Conj/Fire      21%        3d10      4%          5
f - Corona                Hex            46%        N/A       1%          1
g - Passwall              Tmut/Erth      35%        N/A       1%          2
h - Call Imp              Summ           42%        N/A       1%          2
i - Cause Fear            Hex            21%        N/A       1%          4
Your spell library was empty.

Dungeon Overview and Level Annotations

Branches:
Dungeon (10/15)            Temple (1/1) D:7            Lair (0/6) D:8
    Orc: D:9-12

Altars:
Ashenzari
Cheibriados
Dithmenos
Elyvilon
Fedhas
Gozag
Hepliaklqana
Kikubaaqudgha
Makhleb
Nemelex Xobeh
Okawaru
Qazlal
Ru
Sif Muna
Trog
Uskayaw
Vehumet
Wu Jian
Xom
Yredelemnul
Zin
The Shining One

Shops:
D:2 (

Annotations:
D:4 3 runed translucent doors, mdk's ghost, amateur DECj
D:7 3 runed translucent doors, Papr's ghost, novice PaFi


Innate Abilities, Weirdness & Mutations

You are immune to poison.
Your flesh is very heat resistant. (rF++)
You are vulnerable to cold. (rC-)
You float through the air rather than walking.
You learn spells naturally, not from books.
Your magical power is your life essence.
You have superior vitality. (+4 HP)


Message History

Confirm with . or Enter, or press ? or * to list all spells.
You conjure some foxfire!
The foxfire hits the warg.
The warg is lightly wounded.
Your crimson imp hits the two-headed ogre.
The foxfire hits the two-headed ogre.
The two-headed ogre is severely wounded.
The warg bites your crimson imp but does no damage.
The two-headed ogre barely misses your crimson imp. x2
Casting: Foxfire (safe; 1% risk of failure)
Confirm with . or Enter, or press ? or * to list all spells.
You conjure some foxfire!
The foxfire hits the warg but does no damage.
The warg is lightly wounded.
The foxfire hits the warg but does no damage.
The warg is lightly wounded.
The warg bites your crimson imp!
Your crimson imp dies!
Casting: Foxfire (safe; 1% risk of failure)
Confirm with . or Enter, or press ? or * to list all spells.
You conjure some foxfire!
The foxfire hits the warg.
The warg is moderately wounded.
The foxfire hits the two-headed ogre.
The two-headed ogre is severely wounded.
The foxfire hits the warg.
The warg is moderately wounded.
Your foxfire dissipates!
The warg bites you! The two-headed ogre closely misses you.
The two-headed ogre hits you with a +0 giant spiked club.
The orc warrior throws a boomerang.
The boomerang closely misses you. The warg bites you.
There is an escape hatch in the floor here.
Casting: Foxfire (safe; 1% risk of failure)
Confirm with . or Enter, or press ? or * to list all spells.
A beastly little devil appears in a puff of frigid air.
The warg barely misses you.
The two-headed ogre hits you with a +0 giant spiked club!
* * * LOW HITPOINT WARNING * * *
The two-headed ogre hits you with a +0 giant spiked club!
You die...

.........†.##...... #..
#..............#...
#..####.......)...###...
#..................#....
##...........[........##
#.........o.......#.....
#.................#.....
........O............#..
.......@h5...........#..
#....................##.
##..................####
###.#.#...[.<##...##
#######....###### ######


You could see a two-headed ogre (ally target), a warg, an orc warrior and a
friendly white imp (summoned).

Vanquished Creatures
  Maggie (D:7)
  A kobold demonologist (D:9)
  A hornet (D:10)
  Sigmund (D:2)
  A yak (D:8)
  2 wraiths
  2 wyverns
  3 steam dragons
  An acid dragon (D:10)
  2 water moccasins
  2 black bears
  A sky beast (D:8)
  A hornet zombie (D:8)
  2 centaurs
  An ogre (D:6)
  3 kobold brigands
  5 bullfrogs
  4 scorpions
  5 wights (D:8)
  3 howler monkeys
  A bullfrog zombie (D:5)
  4 centaur zombies
  3 orc priests
  A gnoll shaman (D:9)
  A centaur skeleton (D:7)
  3 hounds
  3 jellies
  A scorpion zombie (D:5)
  Terence (D:2)
  An iguana (D:7)
  7 orc wizards
  A hound skeleton (D:5)
  A howler monkey zombie (D:9)
  3 gnolls (D:9)
  5 adders
  A howler monkey skeleton (D:4)
  2 ufetubi (D:5)
  2 worms
  2 dart slugs (D:2)
  22 orcs
  8 endoplasms
  4 giant cockroaches
  8 goblins
  11 hobgoblins
  3 jackals (D:3)
  5 ball pythons
  5 bats
  2 frilled lizards (D:3)
  15 kobolds
  4 rats
172 creatures vanquished.

Vanquished Creatures (collateral kills)
  A yak (D:8)
  A hound (D:5)
  An orc wizard (D:5)
  An ufetubus (D:6)
  2 kobolds (D:8)
  9 foxfires
15 creatures vanquished.

Vanquished Creatures (others)
  577 foxfires
  16 fungi (D:8)
  22 plants
615 creatures vanquished.

Grand Total: 802 creatures vanquished

Notes
Turn   | Place    | Note
-------+----------+-------------------------------------------
     0 | D:1      | karrick the Djinni Fire Elementalist began the quest for
                  | the Orb.
     0 | D:1      | Reached XP level 1. HP: 15/15 MP: 0/0
   851 | D:1      | Reached skill level 3 in Spellcasting
   851 | D:1      | Reached XP level 2. HP: 2/21 MP: 0/0
  2224 | D:2      | Found Dekh's Antique Weapon Emporium.
  2254 | D:2      | Noticed Sigmund
  2421 | D:3      | Reached XP level 3. HP: 24/25 MP: 0/0
  2421 | D:3      | Learned a level 1 spell: Corona
  2445 | D:3      | Found a faded altar of an unknown god.
  2828 | D:3      | Reached skill level 1 in Short Blades
  3088 | D:3      | Reached XP level 4. HP: 31/31 MP: 0/0
  3569 | D:4      | Found a runed translucent gate.
  3573 | D:4      | Noticed mdk's ghost (amateur DECj)
  3574 | D:4      | Found a runed translucent gate.
  3574 | D:4      | Found a runed translucent gate.
  3602 | D:4      | Found an opulent altar of Gozag.
  3818 | D:4      | Noticed a scorpion
  3827 | D:4      | Killed a scorpion
  3828 | D:4      | Reached skill level 1 in Fighting
  3828 | D:4      | Reached XP level 5. HP: 28/37 MP: 0/0
  3828 | D:4      | Learned a level 2 spell: Passwall
  4004 | D:4      | Reached XP level 6. HP: 32/42 MP: 0/0
  4120 | D:4      | Found a faded altar of an unknown god.
  4122 | D:4      | Found a faded altar of an unknown god.
  4122 | D:4      | Found a hazy altar of Hepliaklqana.
  4394 | D:5      | Entered Level 5 of the Dungeon
  4483 | D:5      | Noticed a steam dragon
  4499 | D:5      | Killed a steam dragon
  4500 | D:5      | Reached XP level 7. HP: 29/47 MP: 0/0
  4500 | D:5      | Learned a level 2 spell: Call Imp
  5264 | D:5      | Reached skill level 4 in Spellcasting
  5731 | D:6      | Reached skill level 5 in Dodging
  5731 | D:6      | Reached XP level 8. HP: 46/54 MP: 0/0
  5870 | D:6      | You are sucked into a shaft and drop 3 floors!
  5895 | D:9      | Reached skill level 5 in Stealth
  6023 | D:9      | Noticed a wyvern
  6033 | D:9      | Killed a wyvern
  6160 | D:8      | Reached skill level 5 in Spellcasting
  6279 | D:8      | Noticed a yak
  6283 | D:8      | Killed a yak
  6436 | D:8      | Noticed a wraith
  6445 | D:8      | Killed a wraith
  6446 | D:8      | Reached skill level 6 in Spellcasting
  6446 | D:8      | Reached XP level 9. HP: 47/59 MP: 0/0
  6446 | D:8      | Learned a level 4 spell: Cause Fear
  6995 | D:8      | Found a hide-covered altar of Uskayaw.
  7122 | D:8      | Found a staircase to the Lair.
  7205 | D:7      | Noticed Maggie
  7213 | D:7      | Reached skill level 7 in Spellcasting
  7324 | D:7      | Identified the ring "Taru" {Fire Dex+3}
  7637 | D:7      | Found a staircase to the Ecumenical Temple.
  7646 | Temple   | Entered the Ecumenical Temple
  7748 | Temple   | Became a worshipper of Warmaster Okawaru
  7771 | D:7      | Found a runed translucent gate.
  7771 | D:7      | Found a runed translucent gate.
  7771 | D:7      | Found a runed translucent gate.
  7771 | D:7      | Noticed Papr's ghost (novice PaFi)
  8050 | D:7      | Killed Maggie
  8708 | D:5      | HP: 3/61 [bullfrog (4)]
  9916 | D:2      | Killed Sigmund
  9916 | D:2      | Reached * piety under Okawaru
  9917 | D:2      | Reached skill level 8 in Spellcasting
  9917 | D:2      | Reached XP level 10. HP: 62/67 MP: 0/0
 10059 | D:2      | Noticed Terence
 10070 | D:2      | Killed Terence
 11401 | D:9      | Noticed a kobold demonologist
 11406 | D:9      | Killed a kobold demonologist
 11409 | D:9      | Reached skill level 9 in Spellcasting
 11811 | D:9      | Found a runed translucent door.
 11923 | D:9      | Found a blossoming altar of Fedhas.
 12292 | D:10     | Entered Level 10 of the Dungeon
 12301 | D:10     | Reached ** piety under Okawaru
 12410 | D:10     | Noticed a two-headed ogre
 12433 | D:10     | Mangled by a two-headed ogre

Illustrated notes

Levels and vault maps discovered:
D:1:      ncdulo_smallfort, layout_loops_corners, serial_park_tiny_2,
          serial_bayou_pond_c
D:2:      layout_basic, serial_shops, nicolae_shop_overgrown_old_shop,
          grunt_decor_arrowhead, uniq_terence, uniq_sigmund
D:3:      layout_loops_ring, shapermc_ecumenical_altar_venn
D:4:      layout_basic, nicolae_gozag_seed_capital,
          nicolae_hepliaklqana_ecumenical_no_more, gammafunk_ghost_split
D:5:      layout_loops_corners, serial_bayou_pond_a
D:6:      layout_basic, hex_medium, minmay_crossroads
D:7:      layout_basic, minmay_temple_entry_stoned_glass, serial_rivers,
          chequers_serial_rivers_micro_c, chequers_serial_rivers_small_a,
          chequers_serial_rivers_micro_b, chequers_serial_rivers_small_b,
          chequers_serial_rivers_room_a, ebering_ghost_rock_garden,
          dk_noncrumbling_2, minmay_misc_feat_columns, uniq_maggie
D:8:      layout_gridville, nicolae_uskayaw_dance_studio,
          due_lair_maze_entry_diamond
D:9:      layout_stronghold, fedhas_ov_isle_minmay, grunt_ministairs_15,
          minmay_st_funbox
D:10:     layout_cave_pools, erik_orc_4, hex_tiny, nrook_mini_vaults,
          uniq_harold
Temple:   hc_temple_tempest_star

Skill      XL: |  1  2  3  4  5  6  7  8  9 10 |
---------------+-------------------------------+-----
Spellcasting   | 3 4 6 8 9 |  9.4
Short Blades   | 1 2 3 4 |  4.5
Stealth        | 2 3 4 5 6 |  6.2
Fighting       | 1 2 3 |  3.9
Dodging        | 3 4 5 6 |  6.6

Action                   |  1- 3 |  4- 6 |  7- 9 | 10-12 || total
-------------------------+-------+-------+-------+-------++-------
Melee: Short sword       |     1 |       |       |       ||     1
       Dagger            |    89 |    75 |   123 |    15 ||   302
 Cast: Foxfire           |    36 |    16 |   165 |   126 ||   343
       Call Imp          |       |       |    28 |     7 ||    35
       Cause Fear        |       |       |     5 |       ||     5
       Fireball          |       |       |       |     4 ||     4
  Use: Potion            |       |       |     3 |       ||     3
 Stab: Sleeping          |     6 |     7 |     4 |       ||    17
       Distracted        |       |       |     4 |       ||     4
Armor: Robe              |    30 |    21 |    48 |       ||    99
       Steam dragon scal |       |       |    12 |    17 ||    29
Dodge: Dodged            |    59 |    58 |   129 |    38 ||   284

Table legend: (Time is in decaauts)
 A = Elapsed time spent in this place.
 B = Non-inter-level travel time spent in this place.
 C = Inter-level travel time spent in this place.
 D = Time resting spent in this place.
 E = Time spent auto-exploring this place.
 F = Levels seen in this place.
 G = Mean time per level.
                   A        B        C        D        E       F      G
               +--------+--------+--------+--------+--------+-----+--------+
         Total |  12416 |  11965 |    451 |    234 |  10275 |  11 | 1128.7 |
       Dungeon |  12302 |  11862 |    440 |    234 |  10183 |  10 | 1230.2 |
        Temple |    114 |    103 |     11 |      0 |     92 |   1 |  114.0 |
               +--------+--------+--------+--------+--------+-----+--------+

Top non-repeatable levels by time:
     D:1: 2164 daAuts
     D:9: 1553 daAuts
     D:5: 1553 daAuts
     D:8: 1515 daAuts
     D:7: 1333 daAuts
     D:4: 1298 daAuts
     D:3: 1099 daAuts
     D:6: 989 daAuts
     D:2: 656 daAuts
    D:10: 139 daAuts
  Temple: 114 daAuts
